 Dungeon Crawl Stone Soup version 0.22-b1-26-g9dbaab1112 (webtiles) character file.

115 Pisosu the Covered (level 4, 0/40 HPs)
             Began as a Minotaur Fighter on Aug 8, 2018.
             Slain by Pikel
             ... wielding a +1 whip of freezing
              (1 damage)
             ... on level 4 of the Dungeon.
             The game lasted 00:07:20 (2704 turns).

Pisosu the Covered (Minotaur Fighter)               Turns: 2704, Time: 00:07:20

Health: 0/40       AC:  8    Str: 26    XL:     4   Next: 68%
Magic:  12/12      EV: 10    Int:  5    God:
Gold:   169        SH:  0    Dex: 10    Spells: 3/3 levels left

rFire    . . .     SeeInvis .   n - +1 great sword (slice)
rCold    + . .     Gourm    .   (shield currently unavailable)
rNeg     . . .     Faith    .   b - +0 scale mail
rPois    .         Spirit   .   (helmet restricted)
rElec    .         Reflect  .   (no cloak)
rCorr    .         Harm     .   x - +0 pair of gloves
MR       .....                  (no boots)
Stlth    ..........             (no amulet)
HPRegen  0.13/turn              g - ring of magical power
MPRegen  0.13/turn              o - ring of protection from cold

@: mighty
A: retaliatory headbutt, horns 2
a: no special abilities


You were on level 4 of the Dungeon.
You were not hungry.

You visited 1 branch of the dungeon, and saw 4 of its levels.

You collected 169 gold pieces.

Inventory:

Hand Weapons
 a - a +0 flail
 n - a +1 great sword of slicing (weapon)
Missiles
 h - 19 poisoned needles
Armour
 b - a +0 scale mail (worn)
 c - a +0 shield
 x - a +0 pair of gloves (worn)
Jewellery
 g - a ring of magical power (left hand)
 m - an uncursed ring of wizardry
 o - a ring of protection from cold (right hand)
Scrolls
 e - 4 scrolls of identify
 j - a scroll of blinking {unknown}
 k - 3 scrolls of remove curse
 l - 2 scrolls of magic mapping {unknown}
 q - 2 scrolls of teleportation {unknown}
 s - 2 scrolls of immolation {unknown}
 u - a scroll of amnesia {unknown}
 v - a scroll of fog {unknown}
Potions
 d - a potion of might
 i - 2 potions of heal wounds {unknown}
 p - a potion of degeneration {unknown}
 r - a potion of invisibility {unknown}
 t - a potion of magic {unknown}
 w - a potion of curing {unknown}
Comestibles
 f - 4 rations
 z - 2 chunks of flesh


   Skills:
 + Level 4.2 Fighting
 + Level 3.7 Maces & Flails
 + Level 4.7 Armour
 + Level 4.6 Shields


You had 3 spell levels left.
You didn't know any spells.
Your spell library was empty.

Dungeon Overview and Level Annotations

Branches:
Dungeon (4/15)
 Temple: D:4-7

Altars:
Ashenzari
Qazlal
Uskayaw

Annotations:
D:3 2 transporters
D:4 Pikel


Innate Abilities, Weirdness & Mutations

You reflexively headbutt those who attack you in melee.
You have a pair of horns on your head.


Message History

You kill the slave!
That felt strangely unrewarding.
Pikel hits you but does no damage.
Things that are here:
an animal skin; a human corpse You feel very mighty all of a sudden.
Pikel hits you with a whip of freezing.
* * * LOW HITPOINT WARNING * * *
Pikel freezes you.
* * * LOW HITPOINT WARNING * * *
Your scale mail prevents you from hitting Pikel.
Pikel hits you with a whip of freezing.
* * * LOW HITPOINT WARNING * * *
Pikel closely misses you.
You barely miss Pikel. Pikel hits you but does no damage.
You slash Pikel! Your headbutt misses Pikel.
Pikel is heavily wounded.
Pikel hits you with a whip of freezing.
* * * LOW HITPOINT WARNING * * *
Pikel freezes you.
You die...

## . ######### #.
#.......## # #.#
#......... ##K
#p#####.......#
.p###K@..........#
#.#p#####.......#
#p## #.......#
#(######.......###
#.................
#.########.###..##
#.# #.# .##### #.#
#.# #.<.
#.########.# #.##


You could see Pikel and 3 slaves.

Vanquished Creatures
  A slave (D:4)
  5 adders
  3 dart slugs (D:1)
  5 orcs
  A ball python (D:2)
  3 giant cockroaches
  4 goblins
  7 hobgoblins
  3 jackals (D:3)
  8 kobolds
  2 quokkas
  11 bats
  2 rats (D:1)
55 creatures vanquished.

Notes
Turn   | Place    | Note
-------+----------+-------------------------------------------
     0 | D:1      | Pisosu the Minotaur Fighter began the quest for the Orb.
     0 | D:1      | Reached XP level 1. HP: 19/19 MP: 0/0
   178 | D:1      | Reached XP level 2. HP: 26/27 MP: 1/1
   782 | D:2      | Reached XP level 3. HP: 14/33 MP: 2/2
  1154 | D:2      | Found a hide-covered altar of Uskayaw.
  1368 | D:2      | You fall through a shaft!
  1739 | D:3      | Found a transporter.
  1816 | D:3      | Reached XP level 4. HP: 40/40 MP: 3/3
  2020 | D:3      | Found a transporter.
  2051 | D:3      | Found a shattered altar of Ashenzari.
  2101 | D:3      | Found a stormy altar of Qazlal.
  2689 | D:4      | Noticed a slave
  2689 | D:4      | Noticed a slave
  2689 | D:4      | Noticed a slave
  2694 | D:4      | Noticed Pikel
  2694 | D:4      | Noticed a slave
  2698 | D:4      | Killed a slave
  2704 | D:4      | HP: 1/40 [Pikel/whip of freezing (4)]
  2704 | D:4      | Slain by Pikel

Skill      XL: |  1  2  3 |
---------------+----------+-----
Shields        | 4 |  4.6
Fighting       | 4 |  4.2
Armour         | 4 |  4.7
Maces & Flails | 3 |  3.7

Action                   |  1- 3 |  4- 6 || total
-------------------------+-------+-------++-------
Melee: Flail             |   113 |    16 ||   129
       Headbutt          |    13 |     6 ||    19
       Great sword       |       |    19 ||    19
  Use: Scroll            |       |     1 ||     1
       Potion            |       |     1 ||     1
  Eat: Chunk             |     3 |     3 ||     6
Armor: Scale mail        |    71 |    25 ||    96
Dodge: Dodged            |    34 |    21 ||    55
Block: Shield            |    72 |    11 ||    83
       Rpst.: Great sword |       |     7 ||     7
